 Dungeon Crawl Stone Soup version 0.16.2-12-gd0ad4c3 (webtiles) character file.

60 Jonny2123 the Grave Robber (level 3, -2/24 HPs)
             Began as a Vampire Necromancer on Oct 12, 2015.
             Slain by Terence
             ... wielding a +2 hand axe of chopping
              (10 damage)
             ... on level 2 of the Dungeon.
             The game lasted 00:19:08 (1691 turns).

Jonny2123 the Grave Robber (Vampire Necromancer)    Turns: 1691, Time: 00:19:08

Health: -2/24      AC:  2    Str:  7    XL:     3   Next: 82%
Magic:  2/6        EV: 13    Int: 20    God:
Gold:   52         SH:  0    Dex: 14    Spells: 3 memorised, 2 levels left

rFire  . . .     SeeInvis +     p - +2 dagger (speed)
rCold  . . .     Clarity  .     a - +0 robe
rNeg   + . .     SustAb   .     (no shield)
rPois  .         Gourm    .     (no helmet)
rElec  .         Spirit   .     (no cloak)
rCorr  .         Warding  .     (no gloves)
rMut   .         Stasis   .     (no boots)
MR     .....                    (no amulet)
Stlth  ++........               (no ring)
                                m - +2 ring of intelligence

@: not resistant to hostile enchantments, unstealthy
A: bottle blood, fangs 3, see invisible, unbreathing
a: Bat Form


You were on level 2 of the Dungeon.
You were not thirsty.

You visited 1 branch of the dungeon, and saw 2 of its levels.

You collected 52 gold pieces.

Inventory:

Hand weapons
 d - a +0 dagger
 f - a +0 dagger
 h - a +0 halberd
 l - a +0 hunting sling
 p - a +2 dagger of speed (weapon)
Missiles
 e - 41 stones (quivered)
 o - 11 sling bullets
Armour
 a - a +0 robe (worn)
Jewellery
 m - a +2 ring of intelligence (left hand)
Potions
 c - a potion of blood
 g - a potion of might
Books
 b - a book of Necromancy

   Spells                             Type                      Level
   a - Pain                           Necromancy                   1
   b - Animate Skeleton               Necromancy                   1
   c - Vampiric Draining              Necromancy                   3
   d - Regeneration                   Charms/Necromancy            3
   e - Animate Dead                   Necromancy                   4
   f - Control Undead                 Necromancy                   4
Comestibles
 i - a meat ration
 j - a beef jerky
 k - 2 chunks of flesh


   Skills:
 + Level 0.1 Slings
 * Level 2.4 Dodging
 + Level 3.1 Stealth
 * Level 2.7 Spellcasting
 * Level 5.3 Necromancy


You had 2 spell levels left.
You knew the following spells:

 Your Spells              Type           Power        Failure   Level  Hunger
a - Pain                  Necr           ###.         1%          1    None
b - Animate Skeleton      Necr           N/A          1%          1    None
c - Regeneration          Chrm/Necr      ##........   17%         3    ###....


Dungeon Overview and Level Annotations

Branches:
Dungeon (2/15)

Altars:

Annotations:
D:2 Terence


Innate Abilities, Weirdness & Mutations

You can bottle blood from corpses.
You have razor-sharp teeth.
You have supernaturally acute eyesight.
You can survive without breathing.


Message History

Aiming: Pain
Press: ? - help, Shift-Dir - straight line, f/p - Terence
Aim: Terence, wielding a hand axe of chopping and wearing a chain mail (moderately wounded, chance 88%) Terence convulses in agony!
Terence hits you with a hand axe of chopping.
Terence hits you with a hand axe of chopping.
Terence misses you. Terence screams, "I want your blood!"
You see here a dagger.
Terence shouts, "ATTACK!!!"
You see here a worm corpse.
You see here a club.
Casting: Pain
Confirm with . or Enter, or press ? or * to list all spells.
Aiming: Pain
Press: ? - help, Shift-Dir - straight line, f/p - Terence
Aim: Terence, wielding a hand axe of chopping and wearing a chain mail (severely wounded, chance 88%) Terence convulses in agony!
Terence hits you with a hand axe of chopping!
You die...

#.## ♣..♣ ♣.♣
#.# ♣♣.♣♣ ♣.♣
##.# ♣.♣♣ ♣Z♣
#..# ♣♣.♣ ♣.♣
#.## ♣.♣♣
♣.♣♣
########.#
♣.♣ ♣♣.♣♣
###........#
♣.♣♣ ♣♣.♣
.##........#
♣..♣ ♣.♣♣
..#..%...#.#
♣♣@♣ ♣.♣♣
..<##.####.#
♣@♣♣ ♣..♣
.#.........#
♣..♣ ♣♣.♣
...##.####.#
♣♣.♣ ♣♣♣ ♣.♣
##.##Z# #.#
♣♣)♣
♣♣♣.♣♣♣♣.♣
#....# #.#
♣.♣♣
♣....♣...♣
####.####.#
♣♣.♣
♣♣..♣.....♣
#.#..).##
♣..♣
♣..♣♣♣...♣♣
#####.#..#..#
♣.♣♣ ♣..♣
♣.♣♣♣


You could see Terence.

Vanquished Creatures
  A gnoll (D:1)
  An adder (D:2)
  A worm (D:2)
  A giant gecko (D:1)
  A ball python (D:1)
  3 bats (D:2)
  5 goblins
  5 hobgoblins
  6 kobolds
  4 giant newts
  A quokka (D:2)
  7 rats
36 creatures vanquished.

Vanquished Creatures (collateral kills)
  3 goblins
  A hobgoblin (D:2)
  A kobold (D:2)
5 creatures vanquished.

Vanquished Creatures (others)
  An adder skeleton (D:2)
  A bat skeleton (D:2)
  2 giant newt skeletons
  A goblin skeleton (D:1)
  2 hobgoblin skeletons
  A kobold skeleton (D:1)
  A quokka skeleton (D:2)
  A rat skeleton (D:1)
10 creatures vanquished.

Grand Total: 51 creatures vanquished

Notes
Turn   | Place    | Note
--------------------------------------------------------------
     0 | D:1      | Jonny2123, the Vampire Necromancer, began the quest for the Orb.
     0 | D:1      | Reached XP level 1. HP: 13/13 MP: 3/3
    71 | D:1      | Learned a level 1 spell: Animate Skeleton
   246 | D:1      | Reached XP level 2. HP: 7/19 MP: 1/4
   678 | D:1      | Reached skill level 5 in Necromancy
   761 | D:1      | Reached XP level 3. HP: 18/24 MP: 2/6
   871 | D:2      | Learned a level 3 spell: Regeneration
  1648 | D:2      | Noticed Terence
  1691 | D:2      | Slain by Terence

Action                   || total
-------------------------++-------
Melee: Dagger            ||     8
       Halberd           ||     1
 Fire: Hunting sling     ||     7
 Cast: Pain              ||    61
       Animate Skeleton  ||    12
 Abil: End Transformatio ||     1
       Bat Form          ||     1
  Use: Scroll            ||     6
       Potion            ||     3
  Eat: Corpse            ||     4
